 Dungeon Crawl Stone Soup version 0.20.0-8-g6b59dc7 (webtiles) character file.

10729 Dfrag the Destroyer (level 11, -9/68 HPs)
             Began as a Demonspawn Fire Elementalist on May 30, 2017.
             Was a Priest of Vehumet.
             Killed from afar by a manticore (17 damage)
             ... with a volley of spikes
             ... on level 11 of the Dungeon.
             The game lasted 00:22:02 (10383 turns).

Dfrag the Destroyer (Demonspawn Fire Elementalist) Turns: 10383, Time: 00:22:03

Health: -9/68      AC:  9    Str: 13    XL:     11   Next: 40%
Magic:  1/24       EV: 12    Int: 19    God:    Vehumet [***...]
Gold:   794        SH:  0    Dex: 14    Spells: 13/29 levels left

rFire    + + .     SeeInvis .   J - staff of fire
rCold    . . .     Gourm    .   (no shield)
rNeg     . . .     Faith    .   M - +1 ring mail of Hysteria {+Fly rElec rCorr Str+4}
rPois    +         Spirit   .   z - +1 helmet
rElec    +         Reflect  .   (no cloak)
rCorr    +         Harm     .   N - +0 pair of gloves
MR       .....                  (no boots)
Stlth    +.........             u - amulet of magic regeneration
Regen    0.3/turn               m - ring of poison resistance
MPRegen  0.3/turn               y - ring of protection from fire

@: barbed spikes, very slightly contaminated, drained
A: claws 1, talons 2, wild magic 1, rot immunity, sturdy frame 3
a: Renounce Religion, Evoke Flight


You were on level 11 of the Dungeon.
You worshipped Vehumet.
Vehumet was most pleased with you.
You were near starving.

You visited 2 branches of the dungeon, and saw 13 of its levels.

You collected 824 gold pieces.
You spent 30 gold pieces at shops.

Inventory:

Hand Weapons
 n - a +2 mace of crushing
Armour
 z - a +1 helmet (worn)
 M - the +1 ring mail of Hysteria (worn) {+Fly rElec rCorr Str+4}
   (You found it on level 8 of the Dungeon)

   It affects your strength (+4).
   It insulates you from electricity.
   It lets you fly.
   It protects you from acid and corrosion.
 N - a +0 pair of gloves (worn)
Magical Staves
 w - an uncursed staff of power
 J - an uncursed staff of fire (weapon)
Jewellery
 m - a ring of poison resistance (left hand)
 p - an uncursed ring of flight
 r - a +3 ring of strength
 u - an amulet of magic regeneration (around neck)
 y - a ring of protection from fire (right hand)
Wands
 s - a wand of lightning (2/15)
 v - a wand of confusion (26/48)
 E - a wand of confusion (34/48)
 H - a wand of lightning (7/15)
 K - a wand of flame (25/48)
 S - a wand of polymorph (13/24)
Scrolls
 e - 3 scrolls of amnesia
 i - 2 scrolls of magic mapping
 k - 2 scrolls of recharging
 l - 3 scrolls of enchant weapon
 o - 2 scrolls of noise
 t - a scroll of remove curse
 A - a scroll of blinking
 D - 4 scrolls of teleportation {unknown}
 F - a scroll of fear {unknown}
 G - a scroll of acquirement {unknown}
 I - a scroll of immolation {unknown}
 O - a scroll of fog {unknown}
 R - a scroll of random uselessness {unknown}
 U - a scroll of identify
Potions
 a - a potion of cancellation {unknown}
 h - a potion of heal wounds
 j - a potion of ambrosia {unknown}
 q - 5 potions of flight
 x - a potion of degeneration {unknown}
 B - a potion of magic {unknown}
 C - a potion of might {unknown}
 L - a potion of lignification
 Q - 3 potions of curing {unknown}
Books
 b - a book of Flames

   Spells                             Type                      Level
   a - Flame Tongue                   Conjuration/Fire             1
   b - Throw Flame                    Conjuration/Fire             2
   c - Conjure Flame                  Conjuration/Fire             3
   d - Inner Flame                    Hexes/Fire                   3
   e - Sticky Flame                   Conjuration/Fire             4
   f - Fireball                       Conjuration/Fire             5
Comestibles
 c - 9 bread rations
 f - 3 meat rations
 P - a fruit


   Skills:
 - Level 1.7(1.4) Dodging
 - Level 1.7(1.4) Stealth
 + Level 9.9(9.4) Spellcasting
 + Level 10.5(10.1) Conjurations
 + Level 10.0(9.6) Fire Magic


You had 13 spell levels left.
You knew the following spells:

 Your Spells              Type           Power        Failure   Level  Hunger
a - Flame Tongue          Conj/Fire      #####        1%          1    None
b - Conjure Flame         Conj/Fire      ######..     1%          3    None
c - Sticky Flame          Conj/Fire      ######..     1%          4    ###....
d - Fireball              Conj/Fire      ######....   1%          5    #####..
e - Mephitic Cloud        Conj/Pois/Air  ####....     2%          3    None


Dungeon Overview and Level Annotations

Branches:
Dungeon (12/15)            Temple (1/1) D:7            Lair (0/6) D:9
    Orc: D:9-12

Altars:
Ashenzari
Cheibriados
Dithmenos
Elyvilon
Fedhas
Gozag
Hepliaklqana
Kikubaaqudgha
Makhleb
Nemelex Xobeh
Okawaru
Qazlal
Ru
Sif Muna
Uskayaw
Vehumet
Xom
Yredelemnul
Zin
The Shining One

Shops:
D:7 !

Annotations:
D:12 Harold


Innate Abilities, Weirdness & Mutations

You have razor-sharp toenails.
You are immune to rotting.
Your movements are significantly less encumbered by armour. (ER -6)
You have sharp fingernails.
Your spells are a little harder to cast, but a little more powerful.


Message History

Casting: Fireball
Confirm with . or Enter, or press ? or * to list all spells.
Okay, then.
Unknown command.
Okay, then.
Evoke which item? (* to show all) (? for menu, Esc to quit)
Okay, then.
Casting: Fireball
Confirm with . or Enter, or press ? or * to list all spells.
Aiming: Mephitic Cloud
Press: ? - help, Shift-Dir - straight line, f/p - manticore
Aim: a manticore (severely wounded)
The ball explodes into a vile cloud!
The stinking cloud engulfs the manticore.
The manticore is severely wounded.
The manticore is engulfed in noxious fumes.
The manticore flicks its tail.
The volley of spikes hits you!
The barbed spikes become lodged in your body.
You die...

#.........#
#.........#
########
#.........#
# #.>....#
##.).....##
#####......#
#..§......#
..))#......#
#.§H§.....#
###........#
#.§.......#
........[..#
#.........#
#####......#
#..@......#
#......#
##.......##
#......#
##.....##
#......#
#######
#......#
########


You could see a manticore.

Vanquished Creatures
  A two-headed ogre (D:8)
  An unseen horror (D:11)
  A manticore (D:10)
  An ugly thing (D:11)
  A wolf spider (D:11)
  Joseph (D:10)
  A centaur skeleton (D:10)
  The ghost of JeffiDaFish the Chopper, a novice GrFi (D:5)
  The ghost of yahden the Skirmisher, an amateur DsAK of Lugonu (D:3)
  4 hippogriffs
  A spriggan (D:7)
  Eustachio (D:4)
  A wraith (D:11)
  5 yaks (D:11)
  A steam dragon (D:8)
  A water moccasin (D:7)
  6 sky beasts
  3 ice beasts
  2 black bears
  3 orc warriors
  10 ogres
  A phantom (D:7)
  4 centaurs
  2 crocodiles (D:10)
  8 bullfrogs
  A water moccasin skeleton (D:4)
  2 scorpions
  13 wights
  4 howler monkeys
  5 jellies
  A quasit (D:8)
  4 crimson imps
  4 hounds
  4 orc priests
  A bullfrog skeleton (D:7)
  2 iguanas
  10 orc wizards
  4 worker ants
  4 hound zombies
  3 hound skeletons
  A howler monkey zombie (D:8)
  9 adders
  2 shadow imps
  2 adder skeletons
  4 worms
  A dart slug (D:3)
  6 leopard geckos
  47 orcs
  4 giant cockroaches
  4 goblins
  6 hobgoblins
  4 jackals
  9 kobolds
  5 quokkas
  4 bats
  5 frilled lizards
  2 jackal skeletons
  A leopard gecko skeleton (D:8)
  6 rats
  A spectral orc (D:3)
247 creatures vanquished.

Notes
Turn   | Place    | Note
-------+----------+-------------------------------------------
     0 | D:1      | Dfrag the Demonspawn Fire Elementalist began the quest for the Orb.
     0 | D:1      | Reached XP level 1. HP: 13/13 MP: 3/3
   194 | D:1      | Gained mutation: You are immune to rotting. [demonic ancestry]
   194 | D:1      | Reached XP level 2. HP: 12/19 MP: 0/5
   972 | D:2      | Found a shimmering altar of Xom.
   973 | D:2      | Found a shimmering altar of Xom.
   973 | D:2      | Found a shimmering altar of Xom.
   974 | D:2      | Found a shimmering altar of Xom.
   974 | D:2      | Found a shimmering altar of Xom.
   986 | D:2      | Gained mutation: Your movements are slightly less encumbered by armour. (ER -2) [demonic ancestry]
   986 | D:2      | Reached XP level 3. HP: 23/24 MP: 6/6
  1331 | D:2      | You fall through a shaft!
  1388 | D:3      | Reached XP level 4. HP: 16/30 MP: 3/8
  1394 | D:3      | Noticed yahden's ghost (amateur DsAK)
  1541 | D:4      | Noticed an ogre
  1547 | D:4      | Learned a level 3 spell: Conjure Flame
  1552 | D:4      | Learned a level 4 spell: Sticky Flame
  1604 | D:4      | Noticed Eustachio
  1649 | D:4      | Noticed a centaur
  1658 | D:4      | Killed a centaur
  1658 | D:4      | Reached XP level 5. HP: 9/35 MP: 0/10
  1784 | D:4      | Noticed an ogre
  1789 | D:4      | Killed an ogre
  1789 | D:4      | Gained mutation: You have sharp toenails. [demonic ancestry]
  1789 | D:4      | Reached XP level 6. HP: 27/41 MP: 3/11
  2370 | D:3      | Found a blossoming altar of Fedhas.
  3131 | D:3      | Learned a level 5 spell: Fireball
  3257 | D:3      | Killed yahden's ghost
  3257 | D:3      | Reached skill level 5 in Fire Magic
  3257 | D:3      | Reached XP level 7. HP: 46/46 MP: 8/14
  3439 | D:3      | Found a basalt altar of Yredelemnul.
  3494 | D:3      | Found a shattered altar of Ashenzari.
  3575 | D:4      | Killed Eustachio
  3634 | D:4      | Reached skill level 5 in Spellcasting
  3634 | D:4      | Reached skill level 5 in Conjurations
  3780 | D:4      | Gained mutation: Your movements are less encumbered by armour. (ER -4) [demonic ancestry]
  3780 | D:4      | Reached XP level 8. HP: 38/52 MP: 15/15
  3952 | D:5      | Entered Level 5 of the Dungeon
  4138 | D:5      | Gained mutation: Your spells are a little harder to cast, but a little more powerful. [potion of mutation]
  4138 | D:5      | Gained mutation: You have sharp fingernails. [potion of mutation]
  4329 | D:5      | Noticed JeffiDaFish's ghost (novice GrFi)
  4879 | D:5      | Killed JeffiDaFish's ghost
  5271 | D:6      | Reached XP level 9. HP: 49/57 MP: 18/18
  5275 | D:6      | Gained mutation: Your movements are significantly less encumbered by armour. (ER -6) [mutagenic meat]
  5617 | D:6      | Found a sacrificial altar of Ru.
  5761 | D:7      | Found a staircase to the Ecumenical Temple.
  5782 | Temple   | Entered the Ecumenical Temple
  5835 | Temple   | Became a worshipper of Vehumet
  6016 | D:7      | Found Maroofik's Distillery.
  6023 | D:7      | Bought a potion of lignification for 30 gold pieces
  6283 | D:7      | Found a glowing golden altar of the Shining One.
  6610 | D:7      | Found a burning altar of Makhleb.
  6654 | D:7      | Found a sparkling altar of Nemelex Xobeh.
  6655 | D:7      | Found a deep blue altar of Sif Muna.
  6925 | D:8      | Got a warped ring mail
  6926 | D:8      | Identified the +1 ring mail of Hysteria {+Fly rElec rCorr Str+4} (You found it on level 8 of the Dungeon)
  6989 | D:8      | Reached * piety under Vehumet
  6989 | D:8      | Offered knowledge of Magic Dart by Vehumet.
  7123 | D:8      | Noticed a two-headed ogre
  7138 | D:8      | Killed a two-headed ogre
  7138 | D:8      | Reached XP level 10. HP: 63/63 MP: 9/22
  7236 | D:8      | Found a stormy altar of Qazlal.
  7715 | D:9      | Found a staircase to the Lair.
  7985 | D:9      | Found an iron altar of Okawaru.
  8073 | D:9      | Reached ** piety under Vehumet
  8298 | D:10     | Entered Level 10 of the Dungeon
  8328 | D:10     | Offered knowledge of Shock by Vehumet.
  8660 | D:10     | Noticed a manticore
  8677 | D:10     | Killed a manticore
  9068 | D:10     | Noticed Joseph
  9071 | D:10     | Killed Joseph
  9612 | D:11     | Offered knowledge of Mephitic Cloud by Vehumet.
  9612 | D:11     | Gained mutation: You have razor-sharp toenails. [demonic ancestry]
  9612 | D:11     | Reached XP level 11. HP: 68/68 MP: 13/24
  9618 | D:11     | Learned a level 3 spell: Mephitic Cloud
  9730 | D:11     | Reached *** piety under Vehumet
  9871 | D:11     | Reached skill level 10 in Conjurations
  9954 | D:11     | Noticed a wolf spider
  9961 | D:11     | Killed a wolf spider
 10105 | D:11     | Noticed a brown ugly thing
 10113 | D:11     | Killed a green ugly thing
 10122 | D:11     | Offered knowledge of Throw Icicle by Vehumet.
 10245 | D:11     | HP: 3/68 [something (7)]
 10281 | D:11     | Killed an unseen horror
 10281 | D:11     | Reached skill level 10 in Fire Magic
 10349 | D:12     | Noticed Harold
 10360 | D:12     | HP: 2/68 [manticore (6)]
 10383 | D:11     | Killed from afar by a manticore

Skill      XL: |  1  2  3  4  5  6  7  8  9 10 11 |
---------------+----------------------------------+-----
Fire Magic     | 3 4 5 6 8 9 10 | 10.0
Conjurations   | 2 3 4 5 6 8 9 10 | 10.5
Spellcasting   | 3 4 5 6 8 9 |  9.9
Dodging        | |  1.7
Stealth        | |  1.7

Action                   |  1- 3 |  4- 6 |  7- 9 | 10-12 || total
-------------------------+-------+-------+-------+-------++-------
Melee: Unarmed           |     9 |       |       |       ||     9
       Whip              |    18 |       |       |       ||    18
       Mace              |     2 |     9 |    10 |    78 ||    99
       Kick              |       |     3 |     7 |    31 ||    41
       Staff             |       |     2 |    38 |    72 ||   112
 Cast: Flame Tongue      |    49 |   108 |   205 |    99 ||   461
       Sticky Flame      |       |     3 |    24 |    41 ||    68
       Conjure Flame     |       |     4 |     2 |       ||     6
       Fireball          |       |       |     2 |    37 ||    39
       Mephitic Cloud    |       |       |       |     2 ||     2
 Abil: Evoke Flight      |       |       |       |     1 ||     1
  Use: Scroll            |       |       |    11 |     2 ||    13
       Potion            |       |       |     3 |     3 ||     6
 Stab: Sleeping          |     1 |       |       |       ||     1
  Eat: Chunk             |     2 |     5 |    15 |    22 ||    44
       Meat ration       |       |       |     1 |       ||     1
Armor: Robe              |     8 |     2 |     9 |       ||    19
       Leather armour    |       |       |    40 |       ||    40
       Ring mail         |       |       |     2 |   107 ||   109
Dodge: Dodged            |    26 |    37 |   118 |   162 ||   343
